 Dungeon Sprint DCSS version 0.20.1-1-g8b1a95d (webtiles) character file.

542 Kingsmith the Lightning Rod (level 7, -14/64 HPs)
             Began as a Formicid Fighter on Dec 13, 2017.
             Was a Follower of Qazlal.
             Killed from afar by a deep elf knight (22 damage)
             ... with a shard of ice
             ... in the Dungeon (Sprint V: "Ziggurat Sprint").
             The game lasted 00:02:11 (192 turns).

Kingsmith the Lightning Rod (Formicid Fighter)       Turns: 192, Time: 00:02:11

Health: -14/64     AC: 20    Str: 35    XL:     7   Next: 52%
Magic:  5/14       EV:  4    Int:  7    God:    Qazlal [*.....]
Gold:   0          SH: 23    Dex: 10    Spells: 6/6 levels left

rFire    + . .     SeeInvis +   a - +7 Screaming Sword
rCold    + . .     Gourm    .   b - +3 large shield
rNeg     . . .     Faith    .   c - +5 gold dragon scales
rPois    +         Spirit   .   (helmet unavailable)
rElec    .         Reflect  .   (no cloak)
rCorr    .         Harm     .   (no gloves)
MR       .....                  (no boots)
Stlth    ..........             (no amulet)
Regen    0.2/turn               H - +6 ring of strength
MPRegen  0.2/turn               I - +6 ring of strength

@: no status effects
A: permanent stasis, dig shafts and tunnels, four strong arms, antennae 3
a: Dig, Renounce Religion


You were in the Dungeon.
You worshipped Qazlal.
Qazlal was aware of your devotion.
You were not hungry.

You visited 1 branch

Inventory:

Hand Weapons
 a - the +7 Screaming Sword (weapon)
   (You found it in the Dungeon)
Armour
 b - a +3 large shield (worn)
 c - +5 gold dragon scales (worn)
Jewellery
 H - a +6 ring of strength (left hand)
 I - a +6 ring of strength (right hand)
 K - an uncursed ring of flight
Wands
 y - a wand of disintegration (7/24)
 A - a wand of iceblast (5/15)
 B - a wand of lightning (5/15)
 C - a wand of acid (5/15)
Scrolls
 q - 4 scrolls of amnesia
 r - 3 scrolls of recharging
 s - 7 scrolls of fog
 t - a scroll of holy word
 u - 5 scrolls of identify
 v - 5 scrolls of remove curse
 w - 2 scrolls of fear
Potions
 d - 6 potions of might
 e - 10 potions of curing
 g - 10 potions of heal wounds
 h - 6 potions of haste
 i - 7 potions of magic
 j - 3 potions of berserk rage
 l - 2 potions of brilliance
 m - 2 potions of invisibility
 n - 4 potions of resistance
 p - 5 potions of agility
Miscellaneous
 J - a lightning rod (4/4)
Comestibles
 f - 5 bread rations
 x - 42 fruits
 z - 4 meat rations


   Skills:
 + Level 9.2 Fighting
 + Level 7.6 Long Blades
 - Level 7.0 Armour
 - Level 7.5 Shields
 * Level 9.4 Invocations


You had 6 spell levels left.
You didn't know any spells.

Dungeon Overview and Level Annotations

Branches:
Dungeon (1/1)

Altars:
Ashenzari
Cheibriados
Dithmenos
Elyvilon
Fedhas
Gozag
Hepliaklqana
Kikubaaqudgha
Makhleb
Nemelex Xobeh
Okawaru
Qazlal
Ru
Sif Muna
Trog
Uskayaw
Vehumet
Xom
Yredelemnul
Zin
The Shining One
Beogh
Jiyva
Lugonu

Annotations:
D 1 transporter


Innate Abilities, Weirdness & Mutations

You cannot be hasted, slowed, berserked, paralysed or teleported.
You can dig through walls and to a lower floor.
Your four strong arms can wield two-handed weapons with a shield.
You have a pair of large antennae on your head. (SInv)


Message History

You block the deep elf mage's attack. You block the deep elf knight's attack.
The deep elf knight blocks your attack.
The deep elf knight is moderately wounded.
You block the deep elf knight's attack. The deep elf mage casts a spell at you.
The stone arrow hits you!
* * * LOW HITPOINT WARNING * * *
Unknown command.
You miss the deep elf knight.
The deep elf knight is moderately wounded.
The Screaming Sword shouts, "My song won't be the only thing that'll get stuck in your head!"
The deep elf mage and the deep elf knight are hurt by the noise.
You block the deep elf knight's attack.
The deep elf mage hits you but does no damage.
The deep elf knight hits you but does no damage.
The deep elf knight blocks your attack.
The deep elf knight is moderately wounded.
The deep elf knight points at you and mumbles some strange words.
The shard of ice hits you! You partially resist.
You die...

▓▓▓▓▓▓▓▓▓▓▓▓▓
▓.8©8.▓.8©8.▓
{{{
▓.):).▓.....▓
{
▓.....▓.|.).▓
▓.)...▓.....▓
▓.e.e§▓.....▓
▓...@.▓.....▓
▓.....▓▓▓▓▓▓▓
▓▓▓▓▓▓▓ {{{
{{ { { {


You could see a deep elf knight (invisible) and a deep elf mage.

Vanquished Creatures
  A deep elf mage (D)
  An eye of draining (D)
  A jelly (D)
3 creatures vanquished.

Notes
Turn   | Place    | Note
-------+----------+-------------------------------------------
     0 | D        | Kingsmith the Formicid Fighter began the quest for the Orb.
     0 | D        | Reached XP level 1. HP: 18/18 MP: 1/1
     0 | D        | Found a blossoming altar of Fedhas.
     1 | D        | Found a deep blue altar of Sif Muna.
     1 | D        | Found a sacrificial altar of Ru.
     1 | D        | Found a bloodstained altar of Trog.
     1 | D        | Found a stormy altar of Qazlal.
     1 | D        | Found an iron altar of Okawaru.
     1 | D        | Found a sparkling altar of Nemelex Xobeh.
     3 | D        | Found a transporter.
     3 | D        | Found an ancient bone altar of Kikubaaqudgha.
     3 | D        | Found a viscous altar of Jiyva.
     3 | D        | Found a corrupted altar of Lugonu.
     3 | D        | Found a hazy altar of Hepliaklqana.
     3 | D        | Found a burning altar of Makhleb.
     3 | D        | Found an opulent altar of Gozag.
    25 | D        | Reached skill level 5 in Fighting
    25 | D        | Reached skill level 5 in Armour
    25 | D        | Reached skill level 5 in Shields
    25 | D        | Reached XP level 2. HP: 27/27 MP: 2/2
   104 | D        | Became a worshipper of Qazlal Stormbringer
   130 | D        | Entered arena 2.
   130 | D        | Noticed an eye of draining
   130 | D        | Found a transporter.
   133 | D        | Reached XP level 3. HP: 29/34 MP: 3/3
   136 | D        | Killed an eye of draining
   136 | D        | Reached skill level 5 in Long Blades
   136 | D        | Reached XP level 4. HP: 35/41 MP: 0/4
   136 | D        | Reached XP level 5. HP: 41/47 MP: 0/5
   181 | D        | Entered arena 3.
   181 | D        | Noticed a deep elf mage
   181 | D        | Noticed a deep elf mage
   181 | D        | Noticed a deep elf knight
   181 | D        | Found a transporter.
   185 | D        | Killed a deep elf mage
   185 | D        | Reached * piety under Qazlal
   185 | D        | Reached XP level 6. HP: 36/58 MP: 4/13
   185 | D        | Reached XP level 7. HP: 40/64 MP: 4/14
   192 | D        | Killed from afar by a deep elf knight

Skill      XL: |  1  2  3  4  5 |
---------------+----------------+-----
Fighting       | 5 6 9 |  9.2
Long Blades    | 4 5 7 |  7.6
Armour         | 5 7 |  7.0
Shields        | 5 6 7 |  7.5
Invocations    | 9 |  9.4

Action                   |  1- 3 |  4- 6 |  7- 9 || total
-------------------------+-------+-------+-------++-------
Melee: Double sword      |     5 |     2 |     4 ||    11
  Use: Potion            |     1 |       |       ||     1
Armor: Gold dragon scale |       |     1 |     4 ||     5
Block: Large shield      |     1 |     2 |     7 ||    10
